 Dungeon Crawl Stone Soup version 0.22.1-1-ga44c0e5 (webtiles) character file.

187 bloo the Conjurer (level 5, -1/28 HPs)
             Began as a Deep Elf Conjurer on Oct 1, 2018.
             Slain by an iguana (9 damage)
             ... on level 4 of the Dungeon.
             The game lasted 00:24:07 (4989 turns).

bloo the Conjurer (Deep Elf Conjurer)               Turns: 4989, Time: 00:24:07

Health: -1/28      AC:  2    Str:  6    XL:     5   Next: 39%
Magic:  8/13       EV: 13    Int: 20    God:
Gold:   179        SH:  0    Dex: 15    Spells: 9/12 levels left

rFire    . . .     SeeInvis .   i - +0 dagger
rCold    . . .     Gourm    .   (no shield)
rNeg     . . .     Faith    .   a - +0 robe
rPois    .         Spirit   .   (no helmet)
rElec    .         Reflect  .   (no cloak)
rCorr    .         Harm     .   (no gloves)
MR       .....                  (no boots)
Stlth    ++........             (no amulet)
HPRegen  0.09/turn              (no ring)
MPRegen  0.13/turn              (no ring)

@: no status effects
A: no striking features
a: no special abilities


You were on level 4 of the Dungeon.
You were not hungry.

You visited 1 branch of the dungeon, and saw 5 of its levels.

You collected 179 gold pieces.

Inventory:

Hand Weapons
 i - a +0 dagger (weapon)
 p - a +2 short sword of electrocution
Armour
 a - a +0 robe (worn)
Jewellery
 h - an uncursed ring of protection from magic {unknown}
 o - an uncursed ring of flight {unknown}
Scrolls
 b - a scroll of enchant weapon {unknown}
 j - 2 scrolls of teleportation
 q - a scroll of blinking {unknown}
 s - a scroll of magic mapping {unknown}
Potions
 d - a potion of heal wounds
 e - 2 potions of haste
 f - 2 potions of curing
 g - a potion of agility {unknown}
 k - a potion of flight {unknown}
 l - a potion of cancellation {unknown}
 m - a potion of lignification {unknown}
 n - a potion of brilliance {unknown}
Comestibles
 c - 4 rations
 r - a chunk of flesh


   Skills:
 - Level 2.4 Dodging
 - Level 2.4 Stealth
 - Level 4.0 Spellcasting
 + Level 7.0 Conjurations


You had 9 spell levels left.
You knew the following spells:

 Your Spells              Type           Power        Failure   Level  Hunger
a - Magic Dart            Conj           ####         1%          1    None
b - Searing Ray           Conj           ####..       1%          2    #......

Your spell library contained the following spells:

 Spells                   Type           Power        Failure   Level  Hunger
 Iskenderun's Mystic Bla  Conj           ####....     7%          4    ####...
 Dazzling Spray           Conj/Hex       ###...       9%          3    ###....
 Force Lance              Conj/Tloc      ###.....     30%         4    ####...
 Fulminant Prism          Conj/Hex       ###.......   30%         4    ####...


Dungeon Overview and Level Annotations

Branches:
Dungeon (5/15)
 Temple: D:4-7

Altars:


Message History

Press: ? - help, Shift-Dir - straight line, f - iguana
Aim: an iguana (resting)
The searing ray hits the iguana.
The iguana is lightly wounded.
The iguana hisses angrily. (Press . to maintain the ray.)
The searing ray hits the iguana.
The iguana is moderately wounded.
The iguana bites you!
Ouch! That really hurt!
The searing ray hits the iguana.
The iguana is heavily wounded.
The iguana barely misses you.
The searing ray hits the iguana.
The iguana is almost dead.
You finish channeling your searing ray.
The iguana closely misses you. The iguana bites you.
* * * LOW HITPOINT WARNING * * *
The iguana bites you!
You die...

## ## .# ####.
#.# ###
##....##..#...!
......(@.......
######..l......
###.#......
#...#......
#.### ..... #.#
..... #.# ....
########.# ....
#........#


You could see an iguana.

Vanquished Creatures
  6 adders
  4 gnolls
  A shadow imp (D:3)
  6 worms
  4 dart slugs
  4 leopard geckos
  6 bats
  5 giant cockroaches
  4 goblins
  2 hobgoblins (D:3)
  8 jackals
  4 kobolds
  2 ball pythons
  A frilled lizard (D:1)
  A jackal skeleton (D:2)
  3 rats
61 creatures vanquished.

Notes
Turn   | Place    | Note
-------+----------+-------------------------------------------
     0 | D:1      | bloo the Deep Elf Conjurer began the quest for the Orb.
     0 | D:1      | Reached XP level 1. HP: 10/10 MP: 6/6
   196 | D:2      | Reached skill level 5 in Conjurations
   196 | D:2      | Reached XP level 2. HP: 15/15 MP: 4/8
   233 | D:1      | Learned a level 2 spell: Searing Ray
   924 | D:1      | Reached XP level 3. HP: 19/19 MP: 7/9
  1800 | D:2      | Reached XP level 4. HP: 24/24 MP: 6/11
  1913 | D:2      | Reached skill level 6 in Conjurations
  3073 | D:2      | Learned a level 3 spell: Dazzling Spray
  3708 | D:3      | Reached XP level 5. HP: 28/28 MP: 8/13
  4556 | D:3      | Reached skill level 7 in Conjurations
  4944 | D:5      | Entered Level 5 of the Dungeon
  4989 | D:4      | Slain by an iguana

Skill      XL: |  1  2  3  4  5 |
---------------+----------------+-----
Conjurations   | 5 6 7 |  7.0
Spellcasting   | 4 |  4.0
Dodging        | |  2.4
Stealth        | |  2.4

Action                   |  1- 3 |  4- 6 || total
-------------------------+-------+-------++-------
Melee: Unarmed           |     2 |       ||     2
       Dagger            |       |     2 ||     2
 Cast: Magic Dart        |    41 |    80 ||   121
       Searing Ray       |     4 |    10 ||    14
  Use: Potion            |       |     3 ||     3
       Scroll            |       |     2 ||     2
  Eat: Chunk             |     1 |     8 ||     9
       Ration            |       |     1 ||     1
Armor: Robe              |     5 |     5 ||    10
Dodge: Dodged            |    15 |    26 ||    41
